 Dungeon Crawl Stone Soup version 0.19-a0-48-g9fa930a (webtiles) character file.

12712 focker the Cleaver (level 11, 0/95 HPs)
             Began as a Minotaur Fighter on May 6, 2016.
             Succumbed to a spiny frog's poison
             ... on level 1 of the Lair of Beasts.
             The game lasted 00:28:57 (11913 turns).

focker the Cleaver (Minotaur Fighter)              Turns: 11913, Time: 00:28:58

Health: 0/95       AC: 24    Str: 27    XL:     11   Next: 66%
Magic:  17/17      EV: 12    Int:  5    God:
Gold:   104        SH:  0    Dex: 17    Spells: 0 memorised, 20 levels left

rFire  . . .     SeeInvis .     p - +1 broad axe
rCold  . . .     Gourm    .     H - +7 plate armour "Ogiklan" {Dex+4 Stlth+}
rNeg   . . .     Faith    .     (no shield)
rPois  .         Spirit   .     (helmet restricted)
rElec  .         Dismiss  .     (no cloak)
rCorr  .         Reflect  .     (no gloves)
SustAt .         Harm     .     g - +2 pair of boots
MR     .....                    (no amulet)
Stlth  ..........               E - ring of stealth
                                m - +4 ring of dexterity

@: lethally poisoned (0 -> -10), not resistant to hostile enchantments,
extremely unstealthy
A: retaliatory headbutt, horns 2, blurry vision 1, strong 1
a: no special abilities


You were on level 1 of the Lair of Beasts.
You were not hungry.

You visited 4 branches of the dungeon, and saw 13 of its levels.

You collected 692 gold pieces.
You spent 588 gold pieces at shops.

Inventory:

Hand Weapons
 p - a +1 broad axe (weapon)
 B - the +2 great sword "Pah Goes" {speed, rElec MR+}
   (You found it on level 8 of the Dungeon)

   Attacks with this weapon are significantly faster.
   It insulates you from electricity.
   It affects your resistance to hostile enchantments.
 I - the +9 quarterstaff of Cobwebs {crush, MR+ Int+3 Dex-5}
   (You found it on level 10 of the Dungeon)

   It inflicts extra damage upon your enemies.
   It affects your intelligence (+3).
   It affects your dexterity (-5).
   It affects your resistance to hostile enchantments.
Armour
 c - a +1 shield
 g - a +2 pair of boots (worn)
 s - a +1 chain mail of fire resistance
 H - the +7 plate armour "Ogiklan" (worn) {Dex+4 Stlth+}
   (You bought it in a shop on level 5 of the Dungeon)

   It affects your dexterity (+4).
   It makes you more stealthy.
Jewellery
 m - a +4 ring of dexterity (left hand)
 E - a ring of stealth (right hand)
Wands
 d - a wand of flame (31/48)
 w - a wand of slowing (13/48)
 y - a wand of lightning (7/15)
 J - a wand of flame (21/48)
 K - a wand of digging (9/24)
Scrolls
 e - 6 scrolls of remove curse
 j - a scroll of identify
 k - 2 scrolls of teleportation
 n - 5 scrolls of recharging
 u - a scroll of magic mapping
 A - a scroll of fear
 D - a scroll of fog
Potions
 b - 2 potions of lignification
 v - 2 potions of resistance
 x - a potion of might
 z - a potion of invisibility
Books
 C - a book of Changes

   Spells                             Type                      Level
   a - Beastly Appendage              Transmutation                1
   b - Sticks to Snakes               Transmutation                2
   c - Spider Form                    Transmutation/Poison         3
   d - Ice Form                       Ice/Transmutation            4
   e - Blade Hands                    Transmutation                5
 G - a book of Enchantments

   Spells                             Type                      Level
   a - Cause Fear                     Hexes                        4
   b - Yara's Violent Unravelling     Hexes/Transmutation          5
   c - Silence                        Hexes/Air                    5
   d - Deflect Missiles               Charms/Air                   6
   e - Haste                          Charms                       6
   f - Discord                        Hexes                        8
Miscellaneous
 F - a phial of floods
Comestibles
 f - 9 bread rations
 h - 13 fruits
 i - 14 beef jerkies
 o - 5 meat rations


   Skills:
 + Level 8.7 Fighting
 * Level 12.0 Axes
 + Level 9.3 Armour
 + Level 7.8 Dodging
 + Level 9.2 Shields
 + Level 5.2 Spellcasting


You had 20 spell levels left.
You didn't know any spells.

Dungeon Overview and Level Annotations

Branches:
Dungeon (10/15)            Temple (1/1) D:7            Lair (1/8) D:9
    Orc (1/2) D:9

Altars:
Ashenzari
Cheibriados
Dithmenos
Elyvilon
Fedhas
Gozag
Kikubaaqudgha
Makhleb
Nemelex Xobeh
Okawaru
Pakellas
Qazlal
Ru
Sif Muna
Trog
Vehumet
Xom
Yredelemnul
Zin
The Shining One

Shops:
D:3 }   D:5 *?[   D:8 *

Portals:
Trove: D:10 (give wand of heal wounds (9))


Innate Abilities, Weirdness & Mutations

You reflexively headbutt those who attack you in melee.
You have a pair of horns on your head.
Scrolls take you a little longer to read.
Your muscles are strong. (Str +2)


Message History

You feel sick.
Drink which item? (? for menu, Esc to quit)
Your magical effects are unravelling.
Your magical contamination has completely faded away.
You feel magically purged.
You feel yourself slow down.
Your resistance to elements expires.
* * * LOW HITPOINT WARNING * * *
You feel sick.
Drink which item? (? for menu, Esc to quit)
You are stuck in your current form!
Evoke which item? (* to show all) (? for menu, Esc to quit)
Okay, then.
Unknown command.
Unknown command.
You feel less woody.
Your +2 pair of boots unmelds from your body.
The +7 plate armour "Ogiklan" {Dex+4 Stlth+} unmelds from your body.
* * * LOW HITPOINT WARNING * * *
You feel sick.
You die...

.............####
..#.##.##.......##
.##.##.#...#....P### .
.#..#............#.##.
.#..#................
.................#.#
..................#
...##.......).....#
...#.#.....#P##.@##
...#.....######..#
..........## #..#
.............##..#
.................#
.............##..#
.......#.##..#
#.#..........#
#.........#..#######


There were no monsters in sight!

Vanquished Creatures
  A stone giant (Orc:1)
  A hydra (Lair:1)
  Nergalle (D:10)
  A hill giant (D:9)
  An orc knight (Orc:1)
  A black mamba (Lair:1)
  2 spiny frogs (Lair:1)
  A komodo dragon (Lair:1)
  A troll (D:10)
  Sigmund (D:2)
  A spriggan (D:7)
  A hippogriff (D:9)
  A hungry ghost (D:9)
  The ghost of Kenran the Twirler, an amateur GrGl (D:4)
  2 hell hounds (D:9)
  2 water moccasins (Lair:1)
  6 orc warriors
  2 sky beasts
  2 ice beasts (D:7)
  A black bear (D:8)
  An eye of draining (D:5)
  3 phantoms
  9 ogres
  2 necrophages
  3 centaurs
  A crocodile (Lair:1)
  8 wolves (Lair:1)
  A big kobold (D:9)
  7 giant frogs
  A wyvern zombie (D:8)
  8 scorpions
  11 killer bees
  5 wights (D:9)
  12 howler monkeys
  3 jellies
  3 vampire bats (D:8)
  A giant frog zombie (D:6)
  2 crimson imps
  2 quasits
  9 hounds
  2 gnoll shamans
  7 orc wizards
  4 giant frog skeletons
  Jessica (D:2)
  6 iguanas
  Terence (D:2)
  7 worker ants
  A killer bee zombie (D:10)
  2 hound skeletons
  A howler monkey zombie (D:6)
  A worker ant zombie (D:5)
  12 gnolls
  A howler monkey skeleton (D:4)
  7 adders
  3 oozes
  4 adder skeletons
  3 worms
  3 dart slugs
  3 giant geckos
  26 orcs
  A ball python (D:3)
  2 bat skeletons (D:8)
  3 bat zombies (D:8)
  5 giant cockroaches
  6 goblins
  9 hobgoblins
  3 quokkas
  8 bats
  A giant gecko skeleton (D:5)
  5 giant newts
  11 kobolds
  2 quokka skeletons
  8 rats
281 creatures vanquished.

Vanquished Creatures (others)
  An orc (D:10)
  2 plants (Lair:1)
3 creatures vanquished.

Grand Total: 284 creatures vanquished

Notes
Turn   | Place    | Note
--------------------------------------------------------------
     0 | D:1      | focker the Minotaur Fighter began the quest for the Orb.
     0 | D:1      | Reached XP level 1. HP: 19/19 MP: 0/0
    59 | D:1      | Reached XP level 2. HP: 27/27 MP: 1/1
   358 | D:1      | Reached XP level 3. HP: 33/33 MP: 2/2
   554 | D:2      | Noticed Jessica
   558 | D:2      | Killed Jessica
   558 | D:2      | Reached skill level 3 in Axes
   558 | D:2      | Reached skill level 1 in Dodging
   582 | D:2      | Noticed Sigmund
   583 | D:2      | Found a faded altar to an unknown god.
   598 | D:2      | Killed Sigmund
   598 | D:2      | Reached skill level 4 in Axes
   598 | D:2      | Reached skill level 1 in Spellcasting
   598 | D:2      | Reached XP level 4. HP: 25/40 MP: 4/4
   598 | D:2      | Reached XP level 5. HP: 29/46 MP: 5/5
  1068 | D:2      | Noticed Terence
  1079 | D:2      | Killed Terence
  1079 | D:2      | Reached XP level 6. HP: 45/52 MP: 7/7
  1336 | D:3      | Gained mutation: You are dopey. (Int -2) [potion of mutation]
  1336 | D:3      | Gained mutation: Your muscles are strong. (Str +2) [potion of mutation]
  1336 | D:3      | Gained mutation: You are agile. (Dex +2) [potion of mutation]
  1337 | D:3      | Gained mutation: Scrolls take you a little longer to read. [potion of mutation]
  1337 | D:3      | Lost mutation: You are dopey. (Int -2) [potion of mutation]
  1337 | D:3      | Lost mutation: You are agile. (Dex +2) [potion of mutation]
  1898 | D:3      | Found an oddly glowing altar of Pakellas.
  1898 | D:3      | Found Pakellas's Prime Provisions.
  1958 | D:4      | Noticed Kenran's ghost (amateur GrGl)
  1972 | D:4      | Killed Kenran's ghost
  2224 | D:4      | Reached skill level 5 in Axes
  2260 | D:4      | Reached skill level 5 in Armour
  2394 | D:4      | Reached XP level 7. HP: 60/60 MP: 8/8
  2479 | D:4      | Reached skill level 5 in Fighting
  2892 | D:4      | Reached skill level 5 in Shields
  3013 | D:5      | Entered Level 5 of the Dungeon
  3036 | D:5      | Found Lurea's Antique Armour Shoppe.
  3050 | D:5      | Reached skill level 6 in Axes
  3051 | D:5      | Found Zyta's Magic Scroll Emporium.
  3346 | D:5      | Found Zurizam's Assorted Antiques.
  3435 | D:5      | Reached XP level 8. HP: 68/69 MP: 10/10
  3618 | D:5      | Reached skill level 7 in Axes
  4539 | D:6      | Reached skill level 8 in Axes
  4656 | D:6      | Reached XP level 9. HP: 75/75 MP: 12/12
  4665 | D:6      | Reached skill level 5 in Dodging
  4900 | D:6      | Found a deep blue altar of Sif Muna.
  5207 | D:7      | Found a basalt altar of Yredelemnul.
  5846 | D:7      | Found a staircase to the Ecumenical Temple.
  5851 | Temple   | Entered the Ecumenical Temple
  6129 | D:7      | Reached skill level 9 in Axes
  6223 | D:8      | Found an oddly glowing altar of Pakellas.
  6260 | D:8      | Found Zin's Purification Station.
  6265 | D:8      | Found a glowing silver altar of Zin.
  6359 | D:8      | Found a sparkling altar of Nemelex Xobeh.
  6477 | D:8      | Found an ancient bone altar of Kikubaaqudgha.
  6614 | D:8      | Got a fine great sword
  6617 | D:8      | Identified the +2 great sword "Pah Goes" {speed, rElec MR+} (You found it on level 8 of the Dungeon)
  6677 | D:8      | Found a bloodstained altar of Trog.
  6705 | D:8      | Reached XP level 10. HP: 85/86 MP: 14/14
  6728 | D:8      | Found an iron altar of Okawaru.
  7379 | D:9      | Found a staircase to the Lair.
  7430 | D:9      | Reached skill level 10 in Axes
  8029 | D:9      | Found a stormy altar of Qazlal.
  8300 | D:9      | Found a staircase to the Orcish Mines.
  8311 | D:9      | Noticed a hill giant
  8316 | D:9      | Killed a hill giant
  8337 | Orc:1    | Entered Level 1 of the Orcish Mines
  8337 | Orc:1    | Noticed an orc knight
  8344 | Orc:1    | Killed an orc knight
  8784 | Orc:1    | Noticed a stone giant
  8798 | Orc:1    | Killed a stone giant
  8798 | Orc:1    | Reached skill level 11 in Axes
  8798 | Orc:1    | Reached XP level 11. HP: 21/94 MP: 15/17
  9337 | D:5      | Bought an encrusted plate armour for 588 gold pieces
  9348 | D:5      | Identified the +7 plate armour "Ogiklan" {Dex+4 Stlth+} (You bought it in a shop on level 5 of the Dungeon)
  9680 | D:10     | Entered Level 10 of the Dungeon
  9684 | D:10     | Noticed Nergalle
  9721 | D:10     | Killed Nergalle
 10146 | D:10     | Got an ancient quarterstaff
 10348 | D:10     | Found a portal to a secret trove of treasure.
 10684 | Lair:1   | Entered Level 1 of the Lair of Beasts
 10691 | Lair:1   | Reached skill level 5 in Spellcasting
 11103 | Lair:1   | Noticed a six-headed hydra
 11509 | Lair:1   | Identified the +9 quarterstaff of Cobwebs {crush, MR+ Int+3 Dex-5} (You found it on level 10 of the Dungeon)
 11873 | Lair:1   | Killed an eight-headed hydra
 11873 | Lair:1   | Reached skill level 12 in Axes
 11906 | Lair:1   | HP: 7/142 [poisoned by a spiny frog]
 11911 | Lair:1   | HP: 3/142 [poisoned by a spiny frog]
 11912 | Lair:1   | HP: 1/95 [poisoned by a spiny frog]
 11913 | Lair:1   | Succumbed to a spiny frog's poison

Vault maps used:
D:1:      dpeg_arrival_ternary, minmay_cupped
D:2:      first_bread, ecumenical_altar_2, uniq_jessica, uniq_sigmund,
          uniq_terence
D:3:      johnstein_pakellas_shop
D:5:      kennysheep_windowed_halls, serial_shops, shop, kennysheep_mini_moat,
          nicolae_shop_crystal
D:6:      lemuel_blue_sif_altar
D:7:      yredelemnul_altar_generic, temple_doors_a, minmay_stone_trees_small,
          the_bakery
D:8:      kennysheep_vampire_church, kennysheep_little_box,
          nicolae_overflow_hidden_temple, zin_purify, kennysheep_mini,
          basic_altar
D:9:      lemuel_doored_altar, minmay_lair_entry_lava, orc_0_dummy,
          eino_tiny_chamber
D:10:     enter_trove_0, evilmike_butchery, uniq_nergalle
Temple:   triangle_lava_temple_11
Lair:1:   nicolae_volcano_entry_two_sided, serial_bayou_shore_a
Orc:1:    uniq_erolcha

Skill      XL: |  1  2  3  4  5  6  7  8  9 10 11 |
---------------+----------------------------------+-----
Armour         | 4 5 6 7 8 9 |  9.3
Axes           | 4 5 6 8 9 11 12 | 12.0
Dodging        | 2 4 6 7 |  7.8
Fighting       | 4 5 6 7 8 |  8.7
Shields        | 4 5 6 7 8 9 |  9.2
Spellcasting   | 1 2 3 4 5 |  5.2

Action                   |  1- 3 |  4- 6 |  7- 9 | 10-12 || total
-------------------------+-------+-------+-------+-------++-------
Melee: War axe           |    70 |    78 |   140 |       ||   288
       Headbutt          |     9 |    18 |    64 |   100 ||   191
       Broad axe         |       |       |   210 |   364 ||   574
       Quarterstaff      |       |       |       |    13 ||    13
  Use: Potion            |     2 |     2 |     3 |     8 ||    15
       Scroll            |       |     7 |    13 |     7 ||    27
  Eat: Chunk             |       |     5 |    15 |    16 ||    36
       Pizza             |       |       |       |     5 ||     5
       Royal jelly       |       |       |       |     1 ||     1
Armor: Scale mail        |    35 |    17 |    12 |       ||    64
       Chain mail        |       |     1 |    80 |       ||    81
       Plate armour      |       |       |   108 |   250 ||   358
Dodge: Dodged            |    19 |    26 |   113 |   169 ||   327
Block: Shield            |    27 |    37 |   223 |   303 ||   590
